 Dungeon Crawl Stone Soup version 0.31-a0-986-g5e6e4ef867 (webtiles) character file.

Game seed: 15988067360815938453

181 Xavori the Trooper (level 5, -4/61 HPs)
             Began as a Djinni Chaos Knight on Nov 6, 2023.
             Was a Plaything of Xom.
             Slain by a gnoll
             ... wielding a +0 flail
              (8 damage)
             ... on level 3 of the Dungeon.
             The game lasted 00:03:01 (9104 turns).

Xavori the Trooper (Djinni Chaos Knight)            Turns: 9104, Time: 00:03:01

Health: -4/61      AC:  6    Str: 11    XL:     5   Next: 92%
Gold:   199        EV: 12    Int: 13    God:    Xom [*.....] SH:  0 Dex: 15

rFire   + + .        a - +0 falchion (chaos)
rCold   x . .        (no shield)
rNeg    . . .        b - +2 leather armour
rPois   ∞            (no helmet)
rElec   .            (no cloak)
rCorr   .            j - +0 pair of gloves
SInv    .            (boots unavailable)
Will    .....        (no amulet) Stlth
                     (no ring)
HPRegen 0.30/turn    (no ring)
MPRegen 0.00/turn

%: infuse magic (-5 HP)
@: berserking, weak-willed, flying, very quick
A: sickness immunity, fire resistance 2, cold vulnerability 1, float, innate
caster, HP casting, extra vitality 1, mutation resistance 1, wild magic 1
a: Renounce Religion


You were on level 3 of the Dungeon.
You worshipped Xom.
You were a special plaything of Xom.
You visited 1 branch of the dungeon, and saw 3 of its levels.

You collected 199 gold pieces.

Inventory:

Hand Weapons
 a - a +0 falchion of chaos (weapon)
Armour
 b - a +2 leather armour (worn)
 j - a +0 pair of gloves (worn)
Wands
 m - a wand of flame (17)
Scrolls
 c - a scroll of butterflies
 d - 2 scrolls of revelation {unknown}
 f - a scroll of fog {unknown}
 h - 3 scrolls of identify {unknown}
 i - a scroll of amnesia {unknown}
 k - a scroll of enchant weapon {unknown}
 n - a scroll of teleportation {unknown}
 q - 2 scrolls of poison {unknown}
Potions
 e - a potion of resistance {unknown}
 g - 2 potions of curing {unknown}
 o - a potion of ambrosia {unknown}
 p - a potion of mutation {unknown}


   Skills:
 + Level 3.7 Fighting
 + Level 3.3 Long Blades
 + Level 2.3 Armour
 + Level 3.2 Dodging
 * Level 1.7 Spellcasting
 * Level 1.7 Conjurations
 * Level 1.7 Hexes
   Level 0.0 Charms
 * Level 1.7 Summonings
 * Level 1.7 Necromancy
 * Level 1.7 Translocations
 * Level 1.7 Transmutations
 * Level 1.7 Fire Magic
 * Level 1.7 Ice Magic
 * Level 1.7 Air Magic
 * Level 1.7 Earth Magic
 * Level 1.7 Poison Magic


You knew the following spells:

 Your Spells              Type           Power      Damage    Failure   Level
a - Sandblast             Erth           14%        2d6       24%         1
b - Jinxbite              Hex            14%        N/A       34%         2
Your spell library was empty.

Dungeon Overview and Level Annotations

Branches:
Dungeon (3/15)

Altars:


Innate Abilities, Weirdness & Mutations

You are immune to sickness and miasma.
You are immune to poison.
Your flesh is very heat resistant. (rF++)
You are vulnerable to cold. (rC-)
You float through the air rather than walking.
You learn spells naturally, not from books.
Your magical power is your life essence.
You have superior vitality. (+4 MHP)
You are somewhat resistant to further mutation.
Your spells are a little harder to cast, but a little more powerful.


Message History

The gnoll hits you from afar with a +2 vampiric spear.
The gnoll barely misses you.
You hit the gnoll.
The gnoll goes berserk!
Xom is highly amused!
The gnoll is lightly wounded.
A giggling sprite leaps out and doodles on the gnoll's face.
The gnoll is moderately wounded.
The gnoll closely misses you.
The gnoll hits you with a +2 vampiric spear!
You hit the gnoll but do no damage.
The gnoll is moderately wounded.
A giggling sprite leaps out and makes the gnoll trip over its own feet.
The gnoll is heavily wounded.
The jinxing sprites lose interest in you.
The gnoll hits you with a +2 vampiric spear.
You slash the gnoll!
The gnoll seems to grow stronger.
Xom thinks this is hilarious!
The gnoll is almost dead.
The gnoll barely misses you.
The gnoll hits you with a +2 vampiric spear.
* * * LOW HITPOINT WARNING * * *
Unknown command.
You completely miss the gnoll.
The gnoll is almost dead.
The gnoll hits you with a +2 vampiric spear!
* * * LOW HITPOINT WARNING * * *
A shower of butterflies erupts from you!
The gnoll hits you but does no damage.
A gnoll comes into view. It is wielding a +0 whip.
You completely miss the gnoll.
The gnoll is almost dead.
The gnoll completely misses you. The gnoll barely misses you.
You slash the gnoll! You burn the gnoll.
You kill the gnoll!
The gnoll attacks as it pursues you! The gnoll hits you but does no damage.
It was a potion of berserk rage.
A red film seems to cover your vision as you go berserk!
You feel yourself moving faster!
You feel mighty! The gnoll hits you with a +0 flail!
You die...

...#.######........##
....................#
.........##.#.#####.
..##.....#..#.#
.###.......##.# ##
#.....####.# .#
#........# #.# #..#
..###.##.#
#.#####...# .#
#..##.# #...@gg.#
...... ..# #...#####
....# ......bbb..
..## ...#######.# .#
.# .. # ..


You could see 2 gnolls.

Vanquished Creatures
  Natasha (twice) (D:3)
  Terence (D:2)
  2 gnolls (D:3)
  4 adders
  A worm (D:2)
  A dart slug (D:1)
  5 bats
  5 endoplasms
  A giant cockroach (D:2)
  3 goblins (D:1)
  5 hobgoblins
  5 jackals
  3 kobolds
  A quokka (D:1)
  3 ball pythons
  4 frilled lizards
  2 rats (D:3)
48 creatures vanquished.

Notes
Turn   | Place    | Note
-------+----------+-------------------------------------------
     0 | D:1      | Xavori the Djinni Chaos Knight began the quest for the Orb.
     0 | D:1      | Reached XP level 1. HP: 20/20 MP: 0/0
    36 | D:1      | XOM: divination: magic mapping
    56 | D:1      | Reached XP level 2. HP: 25/25 MP: 0/0
    74 | D:1      | XOM: potion effect (might)
   231 | D:1      | XOM: divination: magic mapping
   379 | D:1      | Reached XP level 3. HP: 25/30 MP: 0/0
   379 | D:1      | Learned a level 1 spell: Sandblast
   388 | D:1      | XOM: silly message
   487 | D:1      | Found a faded altar of an unknown god.
   989 | D:1      | XOM: give mutation
   989 | D:1      | Gained mutation: Your spells are a little harder to cast,
                  | but a little more powerful. [Xom's mischief]
  1246 | D:1      | XOM: noise
  2898 | D:1      | XOM: summons 2 hostile shadow creatures
  3311 | D:1      | XOM: noise
  3770 | D:1      | XOM: give mutation
  3770 | D:1      | Gained mutation: You are somewhat resistant to further
                  | mutation. [Xom's mischief]
  4427 | D:1      | XOM: summons 2 hostile demons
  6225 | D:1      | XOM: god gift: 30 gold pieces
  7562 | D:2      | XOM: summons 1 hostile shadow creature
  7781 | D:2      | Reached skill level 1 in Spellcasting
  7781 | D:2      | Reached skill level 1 in Conjurations
  7781 | D:2      | Reached skill level 1 in Hexes
  7781 | D:2      | Reached skill level 1 in Summonings
  7781 | D:2      | Reached skill level 1 in Necromancy
  7781 | D:2      | Reached skill level 1 in Translocations
  7781 | D:2      | Reached skill level 1 in Transmutations
  7781 | D:2      | Reached skill level 1 in Fire Magic
  7781 | D:2      | Reached skill level 1 in Ice Magic
  7781 | D:2      | Reached skill level 1 in Air Magic
  7781 | D:2      | Reached skill level 1 in Earth Magic
  7781 | D:2      | Reached skill level 1 in Poison Magic
  7869 | D:2      | Reached XP level 4. HP: 15/35 MP: 0/0
  7973 | D:2      | XOM: god gift: 30 gold pieces
  8026 | D:2      | Noticed Terence
  8039 | D:2      | Killed Terence
  8435 | D:2      | XOM: god gift: bubbling inky potion {god gift}
  8437 | D:2      | XOM: noise
  8560 | D:2      | XOM: divination: detect items
  8564 | D:3      | Noticed Natasha
  8576 | D:3      | Killed Natasha
  8577 | D:3      | Reached XP level 5. HP: 8/40 MP: 0/0
  8577 | D:3      | Learned a level 2 spell: Jinxbite
  8937 | D:3      | Noticed Natasha
  8947 | D:3      | Killed Natasha
  8980 | D:2      | XOM: scenery: 2 doors open, 1 doors close
  9029 | D:2      | XOM: scenery: 1 doors open, 2 doors close
  9100 | D:3      | HP: 2/41 [gnoll/+2 vampiric spear (10)]
  9100 | D:3      | XOM: butterfly on damage
  9104 | D:3      | Slain by a gnoll

Illustrated notes

Levels and vault maps discovered:
D:1:      erik_arrival_cave_to_civilisation [erik_arrival_cave_to_hall],
          layout_rooms, chequers_ecumenical_altar_simple
D:2:      layout_loops_corners, uniq_terence
D:3:      layout_rooms, uniq_natasha

Skill      XL: |  1  2  3  4 |
---------------+-------------+-----
Long Blades    | 3 |  3.3
Spellcasting   | 1 |  1.7
Conjurations   | 1 |  1.7
Hexes          | 1 |  1.7
Summonings     | 1 |  1.7
Necromancy     | 1 |  1.7
Translocations | 1 |  1.7
Transmutations | 1 |  1.7
Fire Magic     | 1 |  1.7
Ice Magic      | 1 |  1.7
Air Magic      | 1 |  1.7
Earth Magic    | 1 |  1.7
Poison Magic   | 1 |  1.7
Armour         | 2 |  2.3
Dodging        | 3 |  3.2
Fighting       | |  3.7

Action                     |  1- 3 |  4- 6 || total
---------------------------+-------+-------++-------
  Melee: Falchion          |   100 |    74 ||   174
         Punch             |       |     1 ||     1
   Cast: Jinxbite          |       |     2 ||     2
    Use: Potion            |       |     2 ||     2
   Stab: Sleeping          |     1 |       ||     1
 Armour: Leather armour    |    55 |    54 ||   109
  Dodge: Dodged            |    73 |    48 ||   121

Table legend: (Time is in decaauts)
 A = Elapsed time spent in this place.
 B = Non-inter-level travel time spent in this place.
 C = Inter-level travel time spent in this place.
 D = Time resting spent in this place.
 E = Time spent auto-exploring this place.
 F = Levels seen in this place.
 G = Mean time per level.
                   A        B        C        D        E       F      G
               +--------+--------+--------+--------+--------+-----+--------+
         Total |   9134 |   9059 |     75 |   7351 |   1283 |   3 | 3044.7 |
       Dungeon |   9134 |   9059 |     75 |   7351 |   1283 |   3 | 3044.7 |
               +--------+--------+--------+--------+--------+-----+--------+

Top non-repeatable levels by time:
     D:1: 6928 daAuts
     D:2: 1938 daAuts
     D:3: 267 daAuts
